[Event "*** SCC Grand Prix: Titled Tuesday Blitz"]
[Site "Chess.com"]
[Date "2020.06.02"]
[Round "2"]
[White "starplatinum2030"]
[Black "NFChess13"]
[Result "0-1"]
[WhiteElo "2089"]
[BlackElo "2384"]
[TimeControl "180+1"]
[EndTime "10:17:20 PDT"]
[Termination "NFChess13 won by checkmate"]

1. e4 c5 2. Nf3 e6 3. d4 cxd4 4. Nxd4 Nc6 5. Nb5 d6 6. c4 Nf6 7. N1c3 a6 8. Na3 Qa5 9. Bd2 Be7 10. Nd5 Qd8 11. Nxe7 Qxe7 12. Bd3 d5 13. cxd5 exd5 14.
O-O dxe4 15. Re1 O-O 16. Bc3 Bf5 17. Bxf6 Qxf6 18. Bxe4 Bxe4 19. Rxe4 Qxb2 20. Nc4 Qf6 21. Rb1 Rad8 22. Qh5 b5 23. Ne3 Rfe8 24. Nd5 Qg6 25. Qxg6 hxg6 26. Rxe8+ Rxe8 27. Nc7 Re2 28. Nxa6 Rxa2 29.
g3 Rxa6 30. Rxb5 f6 31. Rb7 g5 32. h3 Kh7 33. Kg2 Kg6 34. Rb5 Ra3 35. Rc5 Ne5 36. Rc7 Ra2 37. Rc3 Kf5 38. g4+ Ke4 39. Re3+ Kd4 40. Kg3 Nd3 41. Re7 Nxf2 42. Rd7+ Ke3 43.
h4 Ne4+ 44. Kh3 gxh4 45. Kxh4 Rh2# 0-1

[Event "*** SCC Grand Prix: Titled Tuesday Blitz"]
[Site "Chess.com"]
[Date "2020.06.02"]
[Round "2"]
[White "Micki-taryan"]
[Black "DanielMieles1985"]
[Result "1-0"]
[WhiteElo "3045"]
[BlackElo "2592"]
[TimeControl "180+1"]
[EndTime "10:17:23 PDT"]
[Termination "Micki-taryan won by resignation"]

1. Nf3 c5 2. e4 Nc6 3. Bb5 g6 4. O-O Bg7 5. Bxc6 dxc6 6. d3 e5 7. Be3 b6 8. Nbd2 Qc7 9. h3 Nf6 10. a3 a5 11. Nc4 Nd7 12. Nfd2 b5 13. Nxa5 Qxa5 14. Nb3 Qb6 15. Qd2 O-O 16. f3 Re8 17.
Qf2 Bf8 18. Rad1 Qc7 19. Nxc5 Nxc5 20. Bxc5 Bxc5 21. Qxc5 Qa7 22. Qf2 Be6 23. g4 Qxf2+ 24. Kxf2 c5 25. Ke3 Ra4 26. Rd2 g5 27. h4 h6 28. Rh1 Kg7 29. Rdh2 c4 30. hxg5 hxg5 31.
Rh7+ Kf6 32. R1h6+ Ke7 33. Rg7 c3 34. bxc3 Rxa3 35.
Rxg5 Rxc3 36. Rxe5 Rb8 37. Rh2 b4 38. f4 Kd6 39. g5 b3 40. cxb3 Rbxb3 41. Rd2 Bc4 42. Kd4 Bxd3 43. Rd5+ Kc6 44. Ke5 Bc4 45. Rd6+ Kc5 46.
Rd8 Rf3 47. Rc8+ Kb4 48. Rd4 Rbc3 49. f5 Kb3 50. Kf6 Kc2 51. Rdxc4 1-0

[Event "*** SCC Grand Prix: Titled Tuesday Blitz"]
[Site "Chess.com"]
[Date "2020.06.02"]
[Round "2"]
[White "LizaSolovyova"]
[Black "StephenDedalus83"]
[Result "0-1"]
[WhiteElo "2500"]
[BlackElo "2742"]
[TimeControl "180+1"]
[EndTime "10:17:23 PDT"]
[Termination "StephenDedalus83 won by resignation"]

1. d4 g6 2. Nc3 Bg7 3. e4 d6 4.
Be3 a6 5. h3 b5 6. a3 Bb7 7. g4 Nd7 8. Bg2 c5 9. Nge2 cxd4 10.
Bxd4 Ngf6 11. O-O Qc7 12. Nd5 Bxd5 13. exd5 O-O 14. Ng3 Rac8 15. c3 Nb6 16. Re1 Rfe8 17. g5 Nfd7 18. Bxg7 Kxg7 19. Qd4+ Kg8 20. Re2 Qc5 21. Qd2 Ne5 22. Rae1 Nbc4 23. Qd1 a5 24. Kh2 Kf8 25. f4 Nd7 26. Qd3 Ndb6 27. b4 axb4 28. axb4 Qc7 29. Qd4 Kg8 30. f5 Ne5 31. Re3 Nbc4 32.
Re4 Ra8 33. Rh4 Ra2 34. Kh1 Qa7 35. fxg6 hxg6 36. Qe4 Qf2 37. Nh5 gxh5 38. Rxh5 Ng6 39. Rf1 Qxg2+ 40. Qxg2 Rxg2 41. Kxg2 Ne3+ 0-1

[Event "*** SCC Grand Prix: Titled Tuesday Blitz"]
[Site "Chess.com"]
[Date "2020.06.02"]
[Round "2"]
[White "GoValya"]
[Black "Doukis"]
[Result "1-0"]
[WhiteElo "2181"]
[BlackElo "2399"]
[TimeControl "180+1"]
[EndTime "10:17:23 PDT"]
[Termination "GoValya won by checkmate"]

1. d4 d5 2. c4 c6 3. g3 Nf6 4. Bg2 Bf5 5. Nc3 e6 6. e3 Nbd7 7. Nge2 h5 8. O-O h4 9. cxd5 exd5 10. Nf4 g5 11. Nd3 Bd6 12. f4 g4 13. Ne5 Nh5 14. Nxg4 hxg3 15. h3 Qh4 16. e4 dxe4 17. Nxe4 Bxe4 18.
Bxe4 Qxh3 19. Bf5 O-O-O 20. Qc2 Nxf4 21. Qe4 g2 22. Bxf4 Bxf4 23. Qxf4 Qh1+ 24. Kf2 gxf1=Q+ 25. Rxf1 Qd5 26. Ne5 f6 27. Nxd7 Rxd7 28. Re1 Kd8 29. Bxd7 Kxd7 30. Qg4+ f5 31. Qg7+ Kd6 32. Qe7# 1-0

[Event "*** SCC Grand Prix: Titled Tuesday Blitz"]
[Site "Chess.com"]
[Date "2020.06.02"]
[Round "2"]
[White "Kira170"]
[Black "bugbug01052018"]
[Result "1-0"]
[WhiteElo "2622"]
[BlackElo "2207"]
[TimeControl "180+1"]
[EndTime "10:17:24 PDT"]
[Termination "Kira170 won by resignation"]

1. e4 c5 2. b3 Nc6 3. Bb2 e5 4. Bc4 d6 5. Ne2 Be7 6. O-O Nf6 7. Nbc3 O-O 8. d3 Nd4 9. f4 Bg4 10. h3 Bxe2 11. Nxe2 b5 12. Nxd4 bxc4 13. Nc6 Qc7 14.
Nxe7+ Qxe7 15. bxc4 Rab8 16. Bc3 Nd7 17. Qf3 f6 18.
Rab1 Rb6 19. fxe5 dxe5 20. Rb3 Rfb8 21. Rfb1 Nf8 22. Ba5 Rxb3 23. axb3 Qd6 24. Bc3 Ne6 25. Ra1 Nd4 26. Qf2 Nc6 27. Ra6 Rb6 28. Ra4 Rb7 29.
Kh2 Kf7 30. Qf3 Kg8 31. Kh1 Nd4 32. Qf2 Nc6 33. Qg1 Ne7 34. Ra5 Rc7 35. Bd2 Qb6 36. Rb5 Qa6 37. Ba5 Rc8 38. Rxc5 Nc6 39. Bc3 Qa2 40. Qc1 Kf7 41. Qb2 Qa6 42. b4 1-0

[Event "*** SCC Grand Prix: Titled Tuesday Blitz"]
[Site "Chess.com"]
[Date "2020.06.02"]
[Round "2"]
[White "Zufi1811"]
[Black "GAusal"]
[Result "1-0"]
[WhiteElo "2462"]
[BlackElo "1993"]
[TimeControl "180+1"]
[EndTime "10:17:24 PDT"]
[Termination "Zufi1811 won on time"]

1. e4 e5 2. Nf3 Nc6 3. Bb5 a6 4.
Ba4 b5 5. Bb3 d6 6. c3 Nf6 7. O-O Be7 8. Re1 O-O 9. h3 Na5 10.
Bc2 c5 11. d4 Qc7 12. Nbd2 cxd4 13. cxd4 Bd7 14. d5 Rac8 15. Bd3 h6 16. Nf1 Ne8 17.
Ng3 Nb7 18. b4 a5 19. a3 Qc3 20. Rb1 axb4 21. axb4 Qc7 22. Be3 Qb8 23. Qe2 Nd8 24.
Rec1 Rxc1+ 25. Rxc1 Nc7 26. Ra1 Nb7 27. Nd2 f5 28. Nxf5 Bxf5 29. exf5 Nxd5 30. Bc4 bxc4 31. Qxc4 Rxf5 32. Qxd5+ Rf7 33. Ra7 Kf8 34. Rxb7 Qc8 35. Ra7 Qc1+ 36. Kh2 Qc8 37. Ra8 1-0

[Event "*** SCC Grand Prix: Titled Tuesday Blitz"]
[Site "Chess.com"]
[Date "2020.06.02"]
[Round "2"]
[White "marianokar"]
[Black "Drags95"]
[Result "0-1"]
[WhiteElo "2413"]
[BlackElo "2662"]
[TimeControl "180+1"]
[EndTime "10:17:25 PDT"]
[Termination "Drags95 won on time"]

1. d4 Nf6 2. Nf3 e6 3. c4 d5 4. g3 Bb4+ 5. Bd2 Be7 6. Bg2 c6 7. O-O Nbd7 8. Qb3 O-O 9. Nc3 b6 10. Bf4 Bb7 11. cxd5 cxd5 12. Rfc1 a6 13. Na4 b5 14.
Bc7 Qe8 15. Nb6 Nxb6 16. Bxb6 Rc8 17. Ne5 Nd7 18. Nxd7 Qxd7 19. Bc5 Bxc5 20. Rxc5 Rxc5 21. dxc5 Rc8 22. Rc1 d4 23. Bxb7 Qxb7 24. Qd3 Qd5 25. b4 e5 26. Qf5 Rc6 27. Qc2 g6 28. e4 dxe3 29. fxe3 h5 30. Rd1 Qf3 31. Rd8+ Kg7 32. Qf2 Qe4 33. Qd2 Rf6 34. Qe2 Qxb4 35. Rc8 Qb1+ 36. Kg2 Qe4+ 37. Kg1 Rf3 38. c6 Rxe3 39. Qf2 Re1+ 0-1

[Event "*** SCC Grand Prix: Titled Tuesday Blitz"]
[Site "Chess.com"]
[Date "2020.06.02"]
[Round "2"]
[White "Susal_De_Silva"]
[Black "JonahWillow"]
[Result "1-0"]
[WhiteElo "2333"]
[BlackElo "2666"]
[TimeControl "180+1"]
[EndTime "10:17:25 PDT"]
[Termination "Susal_De_Silva won by resignation"]

1. e4 c5 2. Nf3 Nc6 3. Bb5 g6 4.
Bxc6 dxc6 5. d3 Bg7 6. h3 e5 7.
O-O Ne7 8. Nc3 O-O 9. Be3 b6 10.
a4 h6 11. a5 Be6 12. Nd2 g5 13. Re1 Ng6 14. Nf1 Nf4 15. Ng3 Qd7 16. Nh5 Bh8 17.
Bxf4 gxf4 18. Kh2 Kh7 19. Rg1 Rg8 20. Qf3 Rg5 21. axb6 Kg6 22. g3 fxg3+ 23. Rxg3 a6 24. Rag1 Rb8 25. h4 Rxg3 26. Rxg3+ Kh7 27. Nf6+ Bxf6 28.
Qxf6 Rg8 29. Qxe5 Rxg3 30. Qxg3 Qb7 31. Qc7 Qxc7+ 32. bxc7 Kg6 33. Na4 Kf6 34. Nb6 1-0

[Event "*** SCC Grand Prix: Titled Tuesday Blitz"]
[Site "Chess.com"]
[Date "2020.06.02"]
[Round "2"]
[White "ama18"]
[Black "ZarinaShafigullina"]
[Result "1-0"]
[WhiteElo "2538"]
[BlackElo "2285"]
[TimeControl "180+1"]
[EndTime "10:17:25 PDT"]
[Termination "ama18 won by resignation"]

1. e4 c5 2. Nf3 Nc6 3. d4 cxd4 4. Nxd4 Nf6 5. Nc3 e5 6. Ndb5 d6 7. Bg5 a6 8. Na3 b5 9. Nd5 Be7 10. Bxf6 Bxf6 11. c4 b4 12. Nc2 a5 13. b3 Bg5 14.
h4 Bh6 15. g3 O-O 16. Bh3 Be6 17. Kf1 Rb8 18. Kg2 Qd7 19. g4 Bf4 20. Nxf4 exf4 21. Qf3 Ne5 22. Qxf4 Bxg4 23. Bxg4 Nxg4 24. f3 Ne5 25.
Rad1 Rbd8 26. Ne3 Kh8 27. Nf5 Qe6 28. Kf2 g6 29. Nd4 Qe7 30. h5 Rd7 31. Rh3 f5 32. hxg6 fxe4 33. Rxh7+ Kg8 34. Qxe4 Qf6 35. Qd5+ Nf7 36.
Rxf7 Rdxf7 37. gxf7+ Rxf7 38. Rg1+ Kf8 39. Qa8+ Ke7 40.
Re1+ Kd7 41. Qb7+ 1-0

[Event "*** SCC Grand Prix: Titled Tuesday Blitz"]
[Site "Chess.com"]
[Date "2020.06.02"]
[Round "2"]
[White "eCztery"]
[Black "WiktoriaPOL"]
[Result "1-0"]
[WhiteElo "2360"]
[BlackElo "2005"]
[TimeControl "180+1"]
[EndTime "10:17:26 PDT"]
[Termination "eCztery won by resignation"]

1. e4 e5 2. Nf3 Nc6 3. d4 exd4 4.
Nxd4 Bc5 5. Be3 Qf6 6. Nb5 Bxe3 7. fxe3 Qh4+ 8. g3 Qd8 9. Qg4 g5 10. N1c3 Ne5 11. Qe2 d6 12. Nd5 Bg4 13. Nbxc7+ Kf8 14. Qb5 Nf3+ 15. Kf2 a6 16. Qb6 Rc8 17. h3 Bh5 18. g4 Bg6 19. Kxf3 Nf6 20. Bd3 Nd7 21. Qxd6+ Kg7 22. e5 Bxd3 23. cxd3 h5 24. Rag1 Rh6 25.
Nf6 Qxc7 26. Qxc7 Rxc7 27. Ne8+ Kf8 28. Nxc7 Nxe5+ 29. Ke2 hxg4 30. hxg4 1-0

[Event "*** SCC Grand Prix: Titled Tuesday Blitz"]
[Site "Chess.com"]
[Date "2020.06.02"]
[Round "2"]
[White "Witik"]
[Black "AnishGiri"]
[Result "0-1"]
[WhiteElo "2583"]
[BlackElo "2979"]
[TimeControl "180+1"]
[EndTime "10:17:27 PDT"]
[Termination "AnishGiri won by resignation"]

1. e4 c5 2. Nf3 e6 3. c3 Nf6 4. d3 Nc6 5. Be2 d5 6. Nbd2 Be7 7. O-O O-O 8. Re1 b5 9. Bf1 Rb8 10. a3 a5 11. e5 Nd7 12. d4 b4 13. axb4 axb4 14. h4 Qb6 15. dxc5 Nxc5 16. c4 Rd8 17. cxd5 exd5 18. Nb3 Bg4 19. Be2 Nxb3 20. Qxb3 Bc5 21. Rf1 Nxe5 22. Bf4 Nxf3+ 23. Bxf3 Bxf3 24. Bxb8 Bxg2 25. Kxg2 Qxb8 26. Qd3 g6 27. Rad1 Qe5 28. Qg3 Qxb2 29. Rfe1 Qf6 30. h5 b3 31. hxg6 hxg6 32. Rb1 b2 33.
Re2 Bd4 34. Kf1 Qf5 35. Rbxb2 Bxb2 36. Rxb2 d4 37. Rd2 d3 38. Kg2 Rd4 39. f3 Kg7 40. Kf2 Qc5 41. Kg2 Qd5 42. Qf2 Rc4 43. Qe3 Rc3 44. Kf2 g5 45. f4 gxf4 46. Qxf4 Rc2 47. Ke3 Qc5+ 48. Kxd3 Qc3+ 49. Ke2 Rxd2+ 50. Qxd2 Qxd2+ 51. Kxd2 Kf6 52. Ke3 Ke5 53. Kf3 Kf5 54. Kf2 Kf4 0-1

[Event "*** SCC Grand Prix: Titled Tuesday Blitz"]
[Site "Chess.com"]
[Date "2020.06.02"]
[Round "2"]
[White "Denis_Palkovich"]
[Black "LionTheLeon_06"]
[Result "0-1"]
[WhiteElo "2318"]
[BlackElo "2687"]
[TimeControl "180+1"]
[EndTime "10:17:27 PDT"]
[Termination "LionTheLeon_06 won on time"]

1. d4 Nf6 2. Bf4 b6 3. e3 Bb7 4. Nf3 e6 5. Nbd2 Be7 6. Bd3 O-O 7. h4 c5 8. c3 d6 9. h5 cxd4 10. exd4 Nbd7 11. Ng5 e5 12. Be3 h6 13. Nge4 Nd5 14.
Ng3 Nxe3 15. fxe3 Nf6 16. Nf5 Re8 17. Bb5 Rf8 18. Qe2 a6 19. Bd3 b5 20. g4 Bxh1 21. O-O-O Bc6 22. Rg1 Nh7 23. d5 Bd7 24. Nxe7+ Qxe7 25. Ne4 Ng5 26. Qg2 f5 27. gxf5 Bxf5 28. Nxg5 Qxg5 29. Qf3 Qxg1+ 30. Kc2 Bxd3+ 0-1

[Event "*** SCC Grand Prix: Titled Tuesday Blitz"]
[Site "Chess.com"]
[Date "2020.06.02"]
[Round "2"]
[White "aleksandrovaleksei"]
[Black "penguingm1"]
[Result "0-1"]
[WhiteElo "2574"]
[BlackElo "2951"]
[TimeControl "180+1"]
[EndTime "10:17:28 PDT"]
[Termination "penguingm1 won by resignation"]

1. d4 d5 2. c4 e6 3. Nc3 Be7 4. cxd5 exd5 5. Bf4 c6 6. Qc2 Nf6 7. h3 Ne4 8. e3 Qa5 9. Bd3 Bf5 10. Ne2 Na6 11.
Qa4 Qb4 12. Bxa6 Qxb2 13. O-O Nxc3 14. Nxc3 Bc2 15. Qxc2 Qxc2 16. Bxb7 Rd8 17. Rfc1 Qg6 18. Ne2 O-O 19. Rxc6 Qd3 20. Ba6 Qa3 21. Rb1 Bd6 22.
Bxd6 Rxd6 23. Rxd6 Qxd6 24. Bb5 Rb8 25. Bd3 Rxb1+ 26.
Bxb1 Qa3 27. Kh2 Qb2 28. Bd3 Qxa2 29. Nf4 a5 0-1

[Event "*** SCC Grand Prix: Titled Tuesday Blitz"]
[Site "Chess.com"]
[Date "2020.06.02"]
[Round "2"]
[White "theblitzchamp"]
[Black "chessablanca"]
[Result "0-1"]
[WhiteElo "2647"]
[BlackElo "2440"]
[TimeControl "180+1"]
[EndTime "10:17:28 PDT"]
[Termination "chessablanca won by checkmate"]

1. d4 Nf6 2. Bf4 d5 3. e3 e6 4. Nf3 Bd6 5. Nbd2 Qe7 6. c3 Nbd7 7. Ne5 b6 8. Bb5 Bb7 9. Bg5 Bc8 10. Qa4 a6 11.
Ndf3 h6 12. Bh4 O-O 13. Bc6 Rb8 14. Qc2 g5 15. Bxd7 Nxd7 16. Nc6 Qf6 17. Bg3 Ra8 18. Nce5 Qe7 19. e4 Bb7 20. exd5 exd5 21. O-O-O Bxe5 22. Nxe5 Nxe5 23. Bxe5 f6 24. Bg3 Qg7 25. h4 g4 26.
h5 Rae8 27. Rde1 Qg5+ 28. Kb1 Rxe1+ 29. Rxe1 Bc8 30. Ka1 Bf5 31. Qb3 Be4 32. Rxe4 Qc1# 0-1

[Event "*** SCC Grand Prix: Titled Tuesday Blitz"]
[Site "Chess.com"]
[Date "2020.06.02"]
[Round "2"]
[White "Panterov"]
[Black "CyberneticLion"]
[Result "0-1"]
[WhiteElo "2117"]
[BlackElo "2392"]
[TimeControl "180+1"]
[EndTime "10:17:28 PDT"]
[Termination "CyberneticLion won on time"]

1. e4 e5 2. Nf3 Nc6 3. d4 exd4 4. Nxd4 Bc5 5. Nf5 Qf6 6. Nc3 Nge7 7. Ne3 O-O 8. Bd3 Ne5 9. O-O Nxd3 10. cxd3 d6 11. Kh1 c6 12. f4 Rd8 13. Qf3 Qd4 14. Nc2 Qf6 15. e5 dxe5 16. Ne4 Qg6 17. Nxc5 Bg4 18.
Qg3 b6 19. h3 Be2 20. Qxg6 hxg6 21. Re1 Nf5 22. Ne4 Bxd3 23. Ne3 Bxe4 24. Nxf5 gxf5 25.
fxe5 Rd5 26. Bf4 Rad8 27. Rac1 c5 28. Kg1 Kf8 29. h4 R8d7 30. Kf2 Ke7 31. g3 Ke6 32.
Rc3 b5 33. Rce3 c4 34. Rxe4 fxe4 35. Rxe4 a5 36. Re2 b4 37. g4 c3 0-1

[Event "*** SCC Grand Prix: Titled Tuesday Blitz"]
[Site "Chess.com"]
[Date "2020.06.02"]
[Round "2"]
[White "DariaVoit"]
[Black "Msb2"]
[Result "0-1"]
[WhiteElo "2527"]
[BlackElo "2820"]
[TimeControl "180+1"]
[EndTime "10:17:29 PDT"]
[Termination "Msb2 won by resignation"]

1. d4 d5 2. c4 c6 3. Nf3 Nf6 4. e3 Bf5 5. Nc3 e6 6. Nh4 Be4 7. f3 Bg6 8. Qb3 Qc7 9. Bd2 Be7 10. g3 O-O 11. Nxg6 hxg6 12. Kf2 Nbd7 13. Rc1 dxc4 14.
Bxc4 a6 15. Rhd1 e5 16. dxe5 Nxe5 17. Be2 Rad8 18. Be1 b5 19. Rxd8 Rxd8 20. Rd1 Re8 21.
e4 c5 22. Nd5 Nxd5 23. Rxd5 c4 24. Qe3 Nd7 25. Bc3 Bc5 26. Bd4 Bxd4 27. Qxd4 Nf6 28. Rd6 Rxe4 29. fxe4 Qxd6 30. Qxd6 Nxe4+ 31. Ke3 Nxd6 32.
Kd4 Kf8 33. Kc5 Ke7 34. Kb6 Kd7 35. Bf3 g5 36. Kxa6 Kc7 37. Ka5 f5 38. h4 gxh4 39.
gxh4 f4 40. h5 Nf5 41. Be4 Nd4 42. a4 bxa4 43. Kxa4 f3 44. Kb4 f2 45. Bg2 Nc2+ 46. Kc3 Ne3 47. Bh3 Kd6 48. Kd4 f1=Q 49. Bxf1 Nxf1 50.
Kxc4 Ng3 51. Kd4 Nxh5 52. Ke4 Nf6+ 53. Kf5 Kc5 54. Kg6 Ne8 0-1

[Event "*** SCC Grand Prix: Titled Tuesday Blitz"]
[Site "Chess.com"]
[Date "2020.06.02"]
[Round "2"]
[White "HrvojeZagreb"]
[Black "froylanajedrez"]
[Result "0-1"]
[WhiteElo "2105"]
[BlackElo "2387"]
[TimeControl "180+1"]
[EndTime "10:17:29 PDT"]
[Termination "froylanajedrez won by resignation"]

1. d4 Nf6 2. Bf4 g6 3. Nc3 d5 4. e3 Bg7 5. h4 h6 6. Nf3 O-O 7. Ne5 Nbd7 8. f3 Nh5 9. Bh2 e6 10. g4 Qxh4+ 11. Kd2 Nxe5 12. dxe5 Ng3 13. Qe1 Bxe5 14.
Ne2 Nxf1+ 15. Qxf1 Bxh2 16. Qg2 d4 17. Rxh2 dxe3+ 18. Kxe3 Qg5+ 19. Kf2 Qc5+ 20. Kg3 Qe5+ 21. Kf2 Kg7 22. Rah1 Rh8 23. f4 Qc5+ 24. Kg3 Bd7 25.
Qf2 Qxf2+ 26. Kxf2 Bc6 27. Rd1 Rad8 28. Rd4 Bb5 29. Rb4 Bxe2 30. Kxe2 b6 31. a4 Rd5 32. Rb5 Rd4 33. f5 exf5 34. gxf5 Re8+ 35. Kf3 g5 36. Re2 Rf4+ 0-1

[Event "*** SCC Grand Prix: Titled Tuesday Blitz"]
[Site "Chess.com"]
[Date "2020.06.02"]
[Round "2"]
[White "WelshTiger"]
[Black "dianamirza"]
[Result "1-0"]
[WhiteElo "2365"]
[BlackElo "2030"]
[TimeControl "180+1"]
[EndTime "10:17:29 PDT"]
[Termination "WelshTiger won by resignation"]

1. e4 e5 2. Nf3 d6 3. d4 exd4 4. Nxd4 Nf6 5. Nc3 g6 6. h3 Bg7 7.
g3 O-O 8. Bg2 Nbd7 9. O-O a5 10.
a4 Nc5 11. Re1 Re8 12. b3 Ne6 13. Ndb5 Bd7 14. Bb2 Bc6 15. Nd4 Nxd4 16. Qxd4 Nxe4 17. Qd3 Nc5 18. Qd2 Bxg2 19. Kxg2 Qd7 20. Rad1 Rxe1 21.
Rxe1 Re8 22. Bc1 Rxe1 23. Qxe1 Qc6+ 24. Kh2 Nxb3 25. cxb3 Bxc3 26. Qe7 Kg7 27. Qg5 Bf6 28. Qh6+ Kg8 29. Be3 Bg7 30. Qg5 Qd7 31. Qxa5 Qe6 32. Qa8+ Bf8 33. Qxb7 c5 34. a5 d5 35. a6 Qe7 36. Qxe7 Bxe7 37. a7 1-0

[Event "*** SCC Grand Prix: Titled Tuesday Blitz"]
[Site "Chess.com"]
[Date "2020.06.02"]
[Round "2"]
[White "PlotnikovPavel"]
[Black "tomasdanada"]
[Result "1-0"]
[WhiteElo "2447"]
[BlackElo "2231"]
[TimeControl "180+1"]
[EndTime "10:17:32 PDT"]
[Termination "PlotnikovPavel won by resignation"]

1. e4 c6 2. d4 d5 3. exd5 cxd5 4. Bd3 Nc6 5. c3 Qc7 6. Ne2 Bg4 7. f3 Bh5 8. Bf4 Qd7 9. O-O e6 10. Nd2 Nf6 11. b4 Bg6 12. Nb3 Bxd3 13. Qxd3 Rc8 14. a4 Be7 15. a5 O-O 16. Nc5 Bxc5 17. bxc5 Rfe8 18. a6 e5 19. axb7 Qxb7 20. Rfb1 Qd7 21. Bg3 e4 22. fxe4 Nxe4 23. Rb3 Qf5 24. Rf1 Qg6 25.
Nf4 Qg4 26. Nxd5 Nxg3 27. Qxg3 Qxg3 28. hxg3 Re2 29. Rb7 f6 30. g4 h6 31. Nf4 Re3 32. Rf3 Re4 33. Kh2 a5 34. Kg3 a4 35. Nh5 Ne7 36.
Ra7 f5 37. gxf5 1-0

[Event "*** SCC Grand Prix: Titled Tuesday Blitz"]
[Site "Chess.com"]
[Date "2020.06.02"]
[Round "2"]
[White "Ceejay271"]
[Black "Morshynska"]
[Result "1/2-1/2"]
[WhiteElo "2396"]
[BlackElo "2165"]
[TimeControl "180+1"]
[EndTime "10:17:32 PDT"]
[Termination "Game drawn by repetition"]

1. d4 Nf6 2. c4 g6 3. Nc3 d5 4.
cxd5 Nxd5 5. g3 Bg7 6. Bg2 Nb6 7.
Nf3 Nc6 8. O-O Nxd4 9. Nxd4 Qxd4 10. Nb5 Qc5 11. a4 Nc4 12. Bf4 e5 13. b4 Qe7 14.
Rc1 c6 15. Bg5 f6 16. Rxc4 cxb5 17. axb5 fxg5 18. Bd5 Be6 19. Bxe6 Qxe6 20. Rc7 O-O 21. Rxb7 e4 22. Qa4 e3 23. f3 g4 24. f4 Qe4 25.
Rxa7 Rxa7 26. Qxa7 Qxb4 27. b6 Bd4 28. Qd7 Bxb6 29.
Qe6+ Kh8 30. Rd1 Qb2 31. Rd7 Qb1+ 32. Kg2 Qc2 33. Qe5+ Kg8 34. Qe6+ Kh8 35. Qe5+ Kg8 36. Qd5+ Kh8 37. Qe5+ 1/2-1/2

[Event "*** SCC Grand Prix: Titled Tuesday Blitz"]
[Site "Chess.com"]
[Date "2020.06.02"]
[Round "2"]
[White "rpragchess"]
[Black "ShapkinAnatoliy"]
[Result "0-1"]
[WhiteElo "2862"]
[BlackElo "2571"]
[TimeControl "180+1"]
[EndTime "10:17:33 PDT"]
[Termination "ShapkinAnatoliy won on time"]

1. Nf3 Nf6 2. g3 g6 3. b3 Bg7 4. Bb2 O-O 5. Bg2 c5 6. c4 Nc6 7.
O-O d6 8. d4 cxd4 9. Nxd4 Bd7 10. Nc3 Qa5 11. e3 a6 12. Qe2 Rac8 13. Rad1 Nxd4 14. exd4 b5 15. Qxe7 bxc4 16. bxc4 Qb6 17. Qe2 Rfe8 18. Qd2 Rxc4 19. Nd5 Qb5 20. Ne3 Rcc8 21.
Rb1 Qa4 22. d5 Bb5 23. Rfc1 Qxa2 24. Qb4 Rxc1+ 25. Bxc1 Nd7 26. Bf1 Bxf1 27. Kxf1 Nc5 28. Bd2 Nd3 29. Qb8 Rf8 0-1

[Event "*** SCC Grand Prix: Titled Tuesday Blitz"]
[Site "Chess.com"]
[Date "2020.06.02"]
[Round "2"]
[White "bugsbunny444"]
[Black "SantoBlue"]
[Result "0-1"]
[WhiteElo "2523"]
[BlackElo "2791"]
[TimeControl "180+1"]
[EndTime "10:17:33 PDT"]
[Termination "SantoBlue won on time"]

1. Nf3 Nf6 2. c4 e6 3. g3 b6 4.
Bg2 Bb7 5. O-O Be7 6. b3 O-O 7.
Bb2 c5 8. Nc3 d6 9. e3 Nbd7 10. d4 cxd4 11. Nxd4 Bxg2 12. Kxg2 Qc7 13. f4 a6 14. Qf3 Rfe8 15. Rad1 Bf8 16. Rd2 Nc5 17.
Rfd1 Qb7 18. Qxb7 Nxb7 19. Kf3 d5 20. cxd5 exd5 21. Nc6 Bc5 22. Nxd5 Nxd5 23. Rxd5 Rxe3+ 24. Kg4 Re6 25. Nd8 h5+ 26. Kxh5 Rxd8 27. Rxd8+ Nxd8 28. Rxd8+ Kh7 29. Rd2 f5 30. Be5 Be7 0-1

[Event "*** SCC Grand Prix: Titled Tuesday Blitz"]
[Site "Chess.com"]
[Date "2020.06.02"]
[Round "2"]
[White "marszach123"]
[Black "plumalka"]
[Result "0-1"]
[WhiteElo "2154"]
[BlackElo "2404"]
[TimeControl "180+1"]
[EndTime "10:17:33 PDT"]
[Termination "plumalka won on time"]

1. e4 c5 2. Nf3 d6 3. d4 cxd4 4. Nxd4 Nf6 5. Nc3 Bd7 6. Bg5 e6 7. Qd2 a6 8. O-O-O h6 9. Be3 Ng4 10. f4 Nxe3 11. Qxe3 Nc6 12. Nxc6 Bxc6 13. e5 d5 14. Ne2 Qa5 15. Kb1 Bc5 16. Nd4 O-O 17. g4 Rfc8 18. f5 Ba4 19. b3 Bd7 20. f6 g6 21.
Qxh6 Bf8 22. Qe3 Rc3 23. Qd2 Rac8 24. Ne2 d4 25. Nxc3 dxc3 26. Qc1 Bc6 27. Rg1 Bf3 28. Rd3 Be4 29. Re3 Qd5 30. Rh3 Rd8 31. Be2 Qd2 0-1

[Event "*** SCC Grand Prix: Titled Tuesday Blitz"]
[Site "Chess.com"]
[Date "2020.06.02"]
[Round "2"]
[White "Sanyura"]
[Black "Igor_Lysyj"]
[Result "0-1"]
[WhiteElo "2517"]
[BlackElo "2780"]
[TimeControl "180+1"]
[EndTime "10:17:34 PDT"]
[Termination "Igor_Lysyj won by resignation"]

1. e4 e5 2. Nf3 Nc6 3. Bb5 a6 4. Ba4 Nf6 5. O-O Bc5 6. d3 d6 7. Nc3 O-O 8. Be3 Bxe3 9. fxe3 Ne7 10. d4 Ng6 11. Bb3 h6 12. Qe1 c6 13. Qg3 Kh7 14.
dxe5 Nh5 15. Qe1 dxe5 16. a4 a5 17. Ne2 Qb6 18. Ng3 Nxg3 19. Qxg3 Qxe3+ 20. Kh1 Qf4 21. Qe1 Be6 22. Nd4 Qg4 23. Nxe6 fxe6 24. Rxf8 Rxf8 25. h3 Qg5 26. Bxe6 Nf4 27. Bg4 h5 28. Bf3 Nxh3 29.
Qxa5 Nf2+ 30. Kh2 h4 31. Ra3 Qg3+ 32. Kg1 h3 33. Qc7 h2+ 34. Kf1 h1=Q+ 35. Ke2 Qd1+ 36. Ke3 0-1

[Event "*** SCC Grand Prix: Titled Tuesday Blitz"]
[Site "Chess.com"]
[Date "2020.06.02"]
[Round "2"]
[White "Alopekos"]
[Black "Gajuchess"]
[Result "0-1"]
[WhiteElo "2514"]
[BlackElo "2770"]
[TimeControl "180+1"]
[EndTime "10:17:34 PDT"]
[Termination "Gajuchess won on time"]

1. e4 c6 2. d4 d5 3. Nd2 dxe4 4. Nxe4 Bf5 5. Ng3 Bg6 6. h4 h6 7. Nf3 Nd7 8. h5 Bh7 9. Bd3 Bxd3 10. Qxd3 e6 11. Bd2 Ngf6 12. O-O-O Qb6 13. c4 Be7 14. Bc3 O-O 15. Ne4 Nxe4 16. Qxe4 Qa6 17. Qe2 Qxa2 18.
Kc2 Qa4+ 19. b3 Qa2+ 20. Bb2 Ba3 21. Rb1 b5 22. Rh3 Rab8 23. Nd2 bxc4 24. Nxc4 Bxb2 25.
Rxb2 Qa6 26. Rg3 Nf6 27. Qe5 Kh7 28. Kb1 Rb5 29. Qd6 Qc8 30. Qf4 Nxh5 31. Qe4+ f5 32.
Qf3 Nxg3 33. Nd6 Qb8 34. Nxb5 Qxb5 35. Qxg3 Re8 36. Qe3 Rd8 37. Rd2 Qd5 0-1

[Event "*** SCC Grand Prix: Titled Tuesday Blitz"]
[Site "Chess.com"]
[Date "2020.06.02"]
[Round "2"]
[White "MathiasWomacka"]
[Black "Chessy222222"]
[Result "1-0"]
[WhiteElo "2391"]
[BlackElo "2109"]
[TimeControl "180+1"]
[EndTime "10:17:34 PDT"]
[Termination "MathiasWomacka won by resignation"]

1. e4 e5 2. Nf3 Nc6 3. Bb5 Nge7 4. Nc3 g6 5. d4 exd4 6. Nd5 Bg7 7. Bg5 h6 8. Bf6 Bxf6 9. Nxf6+ Kf8 10. O-O Kg7 11. Nd5 d6 12. Bxc6 Nxc6 13. Nxd4 Nxd4 14. Qxd4+ f6 15. Rad1 Be6 16. Ne3 Qe7 17. f4 Bf7 18. Ng4 h5 19. Nf2 Rhe8 20. Rd3 Kh7 21. h4 b5 22. b3 c5 23. Qxd6 Qxd6 24. Rxd6 Kg7 25. Rfd1 Rac8 26. Rd7 a6 27. Ra7 Rc6 28. Rdd7 Rf8 29.
e5 fxe5 30. Ne4 exf4 31. Ng5 Rf6 32. Kf2 Rf5 33. Ne6+ Kg8 34. Nxf8 Kxf8 35. Rxa6 g5 36. hxg5 Rxg5 37. Rf6 Rg7 38. Rxf4 Kg8 39. Rfxf7 Rxf7+ 40. Rxf7 Kxf7 41. a4 bxa4 42. bxa4 1-0